Map: Mothership LE

Players

Animal

  • Race: Zerg Zerg
  • League: Gold
  • Spawn Location: 9:00

Grim - Winner!

  • Race: Protoss Protoss
  • League: Platinum
  • Spawn Location: 1:00

VOD

Have the link to the VOD?

Description

Time

  • Played on: May 8, 2026, 1:16 p.m.
  • Length: 25:09
Show
View Real Time Build Order
Export as new Build Order

Animal Zerg 

Build Orders: Hatch First, Roach Hydra 

Get SALT Encoding   

  12  0:01  Drone  
  13  0:13  Overlord  
  13  0:18  Drone  
  14  0:33  Drone x2  
  14  0:35  Drone  
  17  0:57  Hatchery  
  16  1:00  Drone  
  16  1:03  Extractor  
  16  1:12  Drone  
  17  1:35  Spawning Pool  
  17  1:37  Drone x2  
  17  1:39  Drone  
  19  1:51  Overlord  
  18  2:01  Drone  
  19  2:23  Queen x2  
  19  2:28  Zergling x4  
  19  2:29  Metabolic Boost  
  25  2:31  Zergling x2  
  26  2:51  Spine Crawler  
  25  3:04  Drone x2  
  25  3:05  Drone x3  
  30  3:06  Drone  
  31  3:16  Queen  
  33  3:25  Overlord x2  
  33  3:32  Hatchery  
  32  3:40  Drone x2  
  34  3:49  Roach Warren  
  34  3:51  Drone x2  
  35  3:57  Evolution Chamber  
  34  4:05  Evolution Chamber  
  33  4:17  Overlord  
  33  4:18  Overlord  
  33  4:24  Extractor  
  33  4:25  Drone x2  
  33  4:26  Drone  
  35  4:34  Zerg Ground Armor Level 1  
  35  4:38  Drone x2  
  35  4:39  Drone x4  
  41  4:47  Lair  
  41  5:10  Extractor  
  41  5:11  Drone x3  
  43  5:18  Overlord x2  
  43  5:24  Drone x2  
  43  5:25  Drone x4  
  43  5:26  Drone x2  
  43  5:28  Roach x2  
  55  5:37  Queen  
  57  5:44  Glial Reconstitution  
  57  5:47  Zerg Missile Weapons Level 1  
  57  5:53  Roach x3  
  57  5:54  Roach  
  65  6:03  Overlord  
  65  6:04  Overlord  
  65  6:20  Roach x5  
  65  6:21  Roach x3  
  65  6:23  Roach  
  65  6:24  Roach  
  85  6:27  Drone  
  85  6:28  Drone  
  87  6:46  Drone x5  
  93  6:47  Drone x5  
  93  6:49  Overlord  
  99  6:55  Roach x3  
  103  7:05  Extractor  
  103  7:07  Extractor  
  100  7:24  Drone x3  
  100  7:26  Drone  
  100  7:27  Drone x2  
  100  7:29  Drone x2  
  104  7:30  Drone x3  
  95  7:37  Infestation Pit  
  95  7:40  Hydralisk Den  
  75  7:53  Spore Crawler  
  75  7:56  Spore Crawler  
  75  7:57  Drone  
  75  7:58  Drone x3  
  76  8:01  Roach x4  
  76  8:02  Roach x4  
  76  8:03  Roach x3  
  99  8:17  Muscular Augments, Hydralisk x3  
  99  8:18  Hydralisk x3  
  111  8:30  Overlord  
  111  8:31  Overlord x2  
  111  8:34  Hatchery  
  110  8:41  Hydralisk x2  
  110  8:45  Overlord  
  110  8:46  Overlord  
  114  8:53  Hydralisk  
  114  8:54  Hydralisk x2  
  122  8:55  Hydralisk x2, Roach  
  122  8:56  Roach  
  128  9:15  Hydralisk x2  
  128  9:16  Roach x3, Hydralisk x2  
  138  9:18  Roach x3  
  138  9:20  Grooved Spines  
  148  9:30  Hydralisk  
  148  9:31  Hydralisk x2  
  154  9:50  Zerg Missile Weapons Level 2  
  154  9:51  Zerg Ground Armor Level 2  
  154  9:53  Hydralisk x2  
  154  9:54  Roach  
  154  9:56  Overlord x4  
  160  10:19  Hive  
  160  10:23  Extractor, Drone  
  160  10:24  Drone x2  
  160  10:27  Hydralisk  
  160  10:28  Hydralisk  
  166  10:29  Roach x4, Hydralisk x2  
  166  10:30  Hydralisk  
  166  10:31  Roach  
  166  10:32  Roach, Overlord  
  166  10:33  Overlord x2  
  184  10:46  Extractor x2  
  184  10:47  Drone x3  
  184  10:49  Drone x2  
  188  10:50  Drone  
  188  10:52  Hydralisk x2  
  188  10:53  Roach x3, Hydralisk  
  184  11:56  Hydralisk x3  
  184  11:58  Roach x3, Hydralisk x3  
  184  11:59  Roach  
  184  12:00  Roach x3, Hydralisk x3  
  182  12:01  Roach x2, Hydralisk  
  182  12:02  Roach x2, Hydralisk x2  
  182  12:03  Roach x2  
  154  12:17  Hydralisk  
  154  12:18  Hydralisk x6  
  154  12:19  Hydralisk x5  
  154  12:20  Hydralisk  
  152  12:30  Hydralisk x2  
  152  12:31  Hydralisk x2  
  152  12:34  Zerg Missile Weapons Level 3  
  160  12:40  Zerg Ground Armor Level 3  
  160  12:50  Drone x2  
  162  12:52  Hydralisk x4  
  162  12:53  Hydralisk x2  
  162  12:55  Hydralisk  
  176  12:59  Hydralisk  
  178  13:25  Hatchery  
  177  13:27  Hydralisk x4  
  177  13:28  Hydralisk x5  
  177  13:29  Hydralisk x2  
  199  13:48  Ultralisk Cavern  
  190  14:24  Hydralisk x2  
  190  14:25  Hydralisk x5  
  190  14:26  Hydralisk x2  
  172  14:33  Hydralisk  
  172  14:34  Hydralisk x5  
  172  14:35  Hydralisk x6  
  172  14:36  Hydralisk x5  
  172  14:37  Hydralisk  
  138  14:54  Anabolic Synthesis  
  130  15:14  Drone x2  
  132  15:22  Zerg Melee Weapons Level 1  
  132  15:25  Ultralisk x3  
  150  15:37  Chitinous Plating, Extractor  
  150  15:39  Extractor  
  150  15:41  Drone  
  150  15:42  Drone x2  
  151  15:43  Drone x2  
  151  15:44  Drone  
  154  16:14  Ultralisk x3  
  154  16:16  Ultralisk, Hydralisk  
  154  16:17  Hydralisk x3  
  192  16:18  Hydralisk x2, Ultralisk  
  196  16:43  Hydralisk x2  
  132  17:49  Hydralisk x3  
  132  17:50  Hydralisk x5, Spire  
  132  17:51  Hydralisk x6  
  109  17:52  Hydralisk x6  
  109  17:53  Hydralisk x5  
  109  17:54  Hydralisk  
  133  18:03  Hydralisk x4  
  133  18:04  Hydralisk x5  
  133  18:05  Hydralisk x6  
  163  18:29  Hydralisk x4  
  163  18:30  Hydralisk x5  
  163  18:31  Hydralisk x3  
  163  18:32  Hydralisk  
  189  18:48  Hydralisk x3  
  189  18:50  Hydralisk  
  189  18:52  Hydralisk  
  189  18:53  Hatchery  
  189  18:54  Hydralisk  
  198  20:30  Hydralisk x4  
  176  20:37  Hydralisk x6  
  176  20:38  Hydralisk x5  
  176  20:39  Hydralisk x6  
  176  20:40  Hydralisk x5  
  176  20:41  Hydralisk x6  
  176  20:42  Hydralisk  
  146  20:57  Extractor  
  146  20:59  Extractor  
  144  21:08  Hydralisk x6  
  144  21:09  Hydralisk x6  
  144  21:10  Hydralisk x4  
  176  21:38  Hydralisk x2  
  176  21:39  Hydralisk x5  
  186  21:40  Hydralisk x5  
  200  22:28  Hatchery  
  199  22:51  Unknown, Pneumatized Carapace  
  199  22:54  Nydus Network  
  199  22:55  Overseer x3  
  198  24:00  Nydus Canal  
Show
View Real Time Build Order
Export as new Build Order

Grim Protoss - Winner!

Build Orders:  

Get SALT Encoding   

  12  0:03  Probe  
  13  0:15  Probe  
  14  0:22  Pylon  
  14  0:27  Probe  
  15  0:37  Probe  
  16  0:45  Probe  
  17  0:54  Probe  
  17  1:02  Probe  
  18  1:10  Probe  
  20  1:21  Probe  
  21  1:26  Gateway  
  21  1:30  Forge  
  21  1:33  Probe  
  22  1:43  Nexus  
  22  1:45  Probe  
  23  2:09  Pylon  
  23  2:23  Probe  
  24  2:31  Probe, Assimilator  
  24  2:32  Assimilator  
  24  2:35  Pylon  
  25  2:42  Probe  
  26  2:45  Cybernetics Core  
  26  2:50  Pylon  
  26  2:53  Pylon  
  26  2:54  Probe  
  27  3:05  Photon Cannon x2  
  27  3:06  Probe  
  27  3:11  Photon Cannon  
  28  3:18  Probe  
  29  3:20  Photon Cannon  
  29  3:27  Pylon  
  29  3:35  Photon Cannon  
  29  3:44  Probe  
  29  3:45  Probe  
  31  3:52  Probe  
  31  3:57  Probe  
  31  4:01  Probe  
  33  4:04  Photon Cannon  
  33  4:09  Probe  
  35  4:16  Photon Cannon  
  35  4:19  Pylon  
  35  4:21  Probe  
  36  4:24  Photon Cannon  
  36  4:31  Shield Battery  
  36  4:33  Shield Battery, Stalker, Probe  
  36  4:35  Probe  
  40  4:45  Probe  
  40  4:47  Probe  
  40  4:48  Shield Battery  
  42  4:58  Probe  
  42  4:59  Probe  
  44  5:31  Probe  
  45  5:40  Assimilator  
  45  5:41  Assimilator  
  45  5:42  Probe  
  46  5:44  Probe  
  46  5:47  Stargate  
  46  5:48  Stargate  
  47  5:50  Stargate  
  47  5:53  Pylon  
  47  5:54  Probe  
  47  5:56  Probe  
  49  5:59  Pylon  
  49  6:08  Zealot, Photon Cannon  
  51  6:12  Photon Cannon  
  51  6:13  Photon Cannon  
  51  6:18  Shield Battery x2  
  51  6:22  Photon Cannon  
  51  6:31  Nexus  
  51  6:32  Stalker  
  53  6:47  Pylon  
  53  6:53  Probe x2  
  66  6:54  Void Ray x2  
  66  6:55  Void Ray  
  67  7:01  Probe x2  
  69  7:09  Probe  
  69  7:11  Probe  
  71  7:19  Probe  
  72  7:23  Probe  
  73  7:31  Probe  
  73  7:35  Probe  
  75  7:43  Probe  
  76  7:47  Probe  
  77  7:53  Photon Cannon  
  77  7:55  Probe  
  77  7:56  Photon Cannon  
  77  7:57  Photon Cannon  
  78  7:59  Probe  
  78  8:05  Pylon  
  79  8:12  Void Ray x3  
  91  8:14  Photon Cannon x2  
  91  8:17  Photon Cannon  
  91  8:19  Photon Cannon  
  91  8:22  Pylon, Shield Battery  
  91  8:25  Photon Cannon  
  91  8:27  Photon Cannon  
  91  8:28  Photon Cannon  
  91  8:31  Photon Cannon  
  91  8:33  Photon Cannon  
  91  8:35  Shield Battery  
  91  8:36  Shield Battery  
  91  8:38  Shield Battery  
  91  8:43  Photon Cannon  
  91  8:50  Pylon  
  91  8:52  Photon Cannon  
  91  8:54  Shield Battery  
  91  8:56  Shield Battery  
  91  8:59  Assimilator  
  91  9:00  Assimilator  
  91  9:05  Photon Cannon x2  
  91  9:08  Shield Battery  
  91  9:14  Photon Cannon  
  103  9:36  Void Ray x2  
  103  9:37  Void Ray  
  103  9:40  Cybernetics Core  
  103  9:43  Fleet Beacon  
  103  9:56  Pylon x2  
  103  10:03  Pylon  
  103  10:13  Pylon x2  
  111  10:15  Pylon  
  111  10:19  Void Ray x2  
  115  10:21  Void Ray  
  115  10:27  Flux Vanes  
  115  10:31  Protoss Shields Level 1  
  115  10:40  Twilight Council  
  115  10:44  Protoss Air Weapons Level 1, Protoss Air Armor Level 1  
  115  10:48  Robotics Facility  
  115  10:54  Stargate  
  115  10:58  Pylon x2  
  123  11:06  Void Ray x2  
  123  11:10  Void Ray  
  127  11:18  Nexus  
  127  11:24  Pylon  
  119  12:13  Void Ray x3  
  119  12:14  Void Ray  
  115  12:33  Pylon, Photon Cannon  
  115  12:34  Photon Cannon x2  
  115  12:36  Photon Cannon x2  
  115  12:38  Photon Cannon  
  115  12:40  Photon Cannon  
  115  12:41  Photon Cannon  
  115  12:42  Pylon  
  115  12:50  Shield Battery x2  
  115  12:59  Shield Battery  
  115  13:00  Shield Battery  
  115  13:02  Shield Battery  
  115  13:10  Photon Cannon x2  
  115  13:11  Photon Cannon  
  131  13:29  Void Ray x3  
  131  13:30  Void Ray  
  131  13:42  Photon Cannon  
  131  13:45  Photon Cannon  
  131  13:50  Probe  
  132  14:04  Probe  
  149  14:12  Void Ray x3, Protoss Shields Level 2  
  149  14:13  Void Ray  
  149  14:17  Observer  
  150  14:28  Protoss Air Weapons Level 2  
  150  14:29  Protoss Air Armor Level 2  
  134  14:56  Void Ray x4  
  134  15:22  Photon Cannon x2  
  134  15:23  Photon Cannon  
  134  15:26  Photon Cannon  
  134  15:27  Photon Cannon x2  
  134  15:29  Photon Cannon  
  134  15:30  Photon Cannon  
  134  15:33  Photon Cannon  
  134  15:35  Pylon  
  134  15:36  Photon Cannon x2  
  134  15:44  Photon Cannon  
  134  15:45  Photon Cannon  
  134  15:47  Photon Cannon  
  134  15:49  Photon Cannon  
  134  15:56  Photon Cannon  
  134  15:58  Photon Cannon  
  134  16:00  Photon Cannon  
  134  16:07  Photon Cannon  
  150  16:34  Void Ray x4  
  150  16:49  Assimilator  
  150  16:50  Assimilator  
  166  17:17  Void Ray x4  
  143  18:00  Void Ray x4  
  143  18:11  Nexus  
  143  18:32  Photon Cannon  
  143  18:33  Photon Cannon x2  
  143  18:35  Photon Cannon  
  143  18:37  Photon Cannon  
  143  18:39  Photon Cannon x2  
  159  18:43  Void Ray x4  
  159  19:03  Protoss Shields Level 3  
  175  19:26  Void Ray x4  
  175  19:28  Protoss Air Weapons Level 3  
  175  19:41  Protoss Air Armor Level 3  
  191  20:09  Void Ray x4  
  151  20:52  Void Ray x4  
  167  21:33  Void Ray x4  
  167  22:08  Void Ray x4  
  183  22:41  Void Ray x4  
  199  23:14  Observer  
  200  23:40  Robotics Bay  
  200  23:54  Nexus  
Tags
 
Composition
Roach Hydra
Matchup
PvZ
Spawn Locations
Cross Positions
Add a new tag
Caveats
  • Supply blocks, unpowered buildings, or Contaminate may cause inaccurate times.
  • Supply counts are checked every 10 seconds.